 Dungeon Crawl Stone Soup version 0.30-a0-620-g0e44632947 (webtiles) character file.

Game seed: 12241294514006053963

1 Dartaoz the Caller (level 1, -1/10 HPs)
             Began as a Deep Elf Summoner on Jan 10, 2023.
             Slain by a hobgoblin (5 damage)
             ... on level 1 of the Dungeon.
             The game lasted 00:01:46 (59 turns).

Dartaoz the Caller (Deep Elf Summoner)                Turns: 59, Time: 00:01:47

Health: -1/10      AC:  2    Str:  5    XL:     1   Next: 16%
Magic:  6/6        EV: 12    Int: 19    God:
Gold:   17         SH:  0    Dex: 15    Spells: 5/6 levels left

rFire   . . .      SeeInvis .    (no weapon)
rCold   . . .      Faith    .    (no shield)
rNeg    . . .      Spirit   .    a - +0 robe
rPois   .          Reflect  .    (no helmet)
rElec   .          Harm     .    (no cloak)
rCorr   .          Rampage  .    (no gloves)
Will    .....                    (no boots)
Stlth   ++                       (no amulet)
HPRegen 0.21/turn                (no ring)
MPRegen 0.10/turn                (no ring)

@: no status effects
A: no striking features
a: no special abilities


You were on level 1 of the Dungeon.
You visited 1 branch of the dungeon, and saw 1 of its levels.

You collected 17 gold pieces.

Inventory:

Armour
 a - a +0 robe (worn)
Potions
 b - a potion of magic


   Skills:
 + Level 0.0 Fighting
 + Level 2.4 Dodging
 + Level 2.4 Stealth
 + Level 3.0 Spellcasting
 + Level 4.4 Summonings


You had 5 spell levels left.
You knew the following spells:

 Your Spells              Type           Power      Damage    Failure   Level
a - Summon Small Mammal   Summ           76%        N/A       2%          1

Your spell library contained the following spells:

 Spells                   Type           Power      Damage    Failure   Level
 Call Imp                 Summ           19%        N/A       3%          2
 Call Canine Familiar     Summ           19%        N/A       8%          3
 Summon Guardian Golem    Hex/Summ       11%        N/A       19%         3
 Summon Lightning Spire   Summ/Air       11%        N/A       52%         4


Dungeon Overview and Level Annotations

Branches:
Dungeon (1/15)

Altars:


Message History

Your quokka misses the kobold.
The kobold hits your quokka with a +0 dagger.
Your quokka bites the kobold.
The kobold dies!
Magic restored.
You now have 17 gold pieces (gained 8).
You swap places.
Things that are here:
a +0 dagger; a stone Your quokka disappears in a puff of smoke!
A hobgoblin comes into view.
Casting: Summon Small Mammal (safe; 2% risk of failure)
Confirm with . or Enter, or press ? or * to list all spells.
The hobgoblin shouts!
Your bat barely misses the hobgoblin.
Your bat hits the hobgoblin. The hobgoblin hits your bat.
Your bat hits the hobgoblin but does no damage.
The hobgoblin closely misses your bat.
Your bat barely misses the hobgoblin.
Your bat closely misses the hobgoblin.
Your bat closely misses the hobgoblin.
The hobgoblin hits you.
Your bat barely misses the hobgoblin.
You closely miss the hobgoblin.
The hobgoblin is lightly wounded.
Your bat hits the hobgoblin but does no damage.
The hobgoblin misses you.
You hit the hobgoblin.
The hobgoblin is moderately wounded.
The hobgoblin closely misses you.
Your bat hits the hobgoblin but does no damage.
You hit the hobgoblin but do no damage.
The hobgoblin is moderately wounded.
Your bat hits the hobgoblin. The hobgoblin hits you.
You hit the hobgoblin but do no damage.
The hobgoblin is heavily wounded.
Your bat hits the hobgoblin but does no damage.
Your bat closely misses the hobgoblin.
The hobgoblin hits you.
Ouch! That really hurt!
You die...

##### ...... .#
...... .# ..
......######.####...
.....................
...b....## #.........
......#.b# #........
..... ##g###......#
#### #.@........#
####.......#
#.......#
####.......#
#....)###### #.###.#
# #.## #..# ##.## .


You could see a hobgoblin (ally target) and a friendly bat (summoned).

Vanquished Creatures (collateral kills)
  A kobold (D:1)
1 creature vanquished.

Notes
Turn   | Place    | Note
-------+----------+-------------------------------------------
     0 | D:1      | Dartaoz the Deep Elf Summoner began the quest for the Orb.
     0 | D:1      | Reached XP level 1. HP: 10/10 MP: 6/6
    59 | D:1      | Slain by a hobgoblin

Illustrated notes

Levels and vault maps discovered:
D:1:      minmay_arrival_checkered_box, layout_rooms

Action                   || total
-------------------------++-------
Melee: Unarmed           ||     4
 Cast: Summon Small Mamm ||     2
Dodge: Dodged            ||     2

Table legend: (Time is in decaauts)
 A = Elapsed time spent in this place.
 B = Non-inter-level travel time spent in this place.
 C = Inter-level travel time spent in this place.
 D = Time resting spent in this place.
 E = Time spent auto-exploring this place.
 F = Levels seen in this place.
 G = Mean time per level.
                   A        B        C        D        E       F      G
               +--------+--------+--------+--------+--------+-----+--------+
         Total |     59 |     59 |      0 |      0 |     33 |   1 |   59.0 |
       Dungeon |     59 |     59 |      0 |      0 |     33 |   1 |   59.0 |
               +--------+--------+--------+--------+--------+-----+--------+

Top non-repeatable levels by time:
     D:1: 59 daAuts
